[Event "*** MasterClass Titled Tuesday Blitz"]
[Site "Chess.com"]
[Date "2017.12.05"]
[Round "7"]
[White "jefferyx"]
[Black "robbykevlishvili"]
[Result "1-0"]
[WhiteElo "2790"]
[BlackElo "2440"]
[TimeControl "180+2"]
[EndTime "15:44:44 PST"]
[Termination "jefferyx won by resignation"]

1. d4 d5 2. c4 c6 3. Nf3 Nf6 4. Nc3 e6 5. Bg5 h6 6. Bxf6 Qxf6 7.
e3 Nd7 8. Rc1 g6 9. Bd3 Bg7 10.
cxd5 exd5 11. b4 a6 12. a4 Qd6 13. Qb3 O-O 14. O-O Nf6 15. a5 Be6 16. Na4 Rae8 17.
Nc5 Bc8 18. Ne5 Qe7 19. h3 Nh5 20.
f4 Ng3 21. Rfe1 Bf5 22. b5 axb5 23. a6 Bxe5 24. fxe5 b6 25. Nb7 Bxd3 26. Qxd3 Qd7 27.
Qc2 Re6 28. Nd6 c5 29. dxc5 bxc5 30. Qxc5 Rxe5 31. Nxb5 Ne4 32. Qc7 Qf5 33. Rc2 Ree8 34. a7 Rc8 35. Qxc8 Rxc8 36. Rxc8+ Qxc8 37. Nc7 Qxc7 38. a8=Q+ Kg7 39. Qxd5 Nf6 40. Qd4 Qe7 41. Rf1 Qe6 42.
Rf3 h5 43. e4 h4 44. Rf4 g5 45.
Rf5 Kg6 46. Re5 Qc6 47. Qe3 Nh7 48. Rd5 Qe6 49. Qd4 Qe7 50. Rd6+ f6 51. e5 Kf5 52. Qd3+ Kxe5 53. Qd5+ Kf4 54. Qf3+ Ke5 55. Rd5+ Ke6 56.
Qf5+ Kf7 57. Qxh7+ 1-0

[Event "*** MasterClass Titled Tuesday Blitz"]
[Site "Chess.com"]
[Date "2017.12.05"]
[Round "7"]
[White "Blitzstream"]
[Black "VladDobrov"]
[Result "1-0"]
[WhiteElo "2542"]
[BlackElo "2609"]
[TimeControl "180+2"]
[EndTime "15:44:44 PST"]
[Termination "Blitzstream won by resignation"]

1. g4 d5 2. Bg2 c6 3. g5 h6 4.
h4 hxg5 5. hxg5 Rxh1 6. Bxh1 g6 7.
d4 Bg7 8. Nf3 Bg4 9. Ne5 Bh5 10.
Qd2 Nd7 11. f4 e6 12. c4 Ne7 13. Nc3 a6 14. e4 Nxe5 15. fxe5 dxc4 16. Qf2 b5 17.
Be3 Qa5 18. Kf1 O-O-O 19. Kg1 Rf8 20. d5 Qd8 21. d6 Bxe5 22. dxe7 Qxe7 23. Rf1 Bd6 24.
Bg2 e5 25. Qf6 Qxf6 26. Rxf6 Kc7 27. Bh3 Be7 28. Rf1 f6 29. gxf6 Rxf6 30. Rxf6 Bxf6 31.
Bc5 Bg5 32. b4 cxb3 33. axb3 a5 34. Kf2 Bd2 35. Ne2 g5 36. Be6 Bg6 37. Ng3 Bc3 38. Nf5 b4 39. Kg3 Bh5 40. Ne3 Be2 41. Nc4 Bd3 42.
Bd6+ Kb7 43. Nxa5+ Ka6 44. Nxc6 Bxe4 45. Nxb4+ Kb5 46.
Na2 Bd4 47. Nc1 Kc6 48. Be7 Bd5 49. Bxd5+ Kxd5 50. Bxg5 Bb2 51. Kf3 e4+ 52. Ke2 Kd4 53. Bf6+ Kc5 54. Bxb2 Kb4 55. Ke3 1-0

[Event "*** MasterClass Titled Tuesday Blitz"]
[Site "Chess.com"]
[Date "2017.12.05"]
[Round "7"]
[White "SanQui14"]
[Black "calemcc"]
[Result "1-0"]
[WhiteElo "2184"]
[BlackElo "2264"]
[TimeControl "180+2"]
[EndTime "15:44:53 PST"]
[Termination "SanQui14 won by checkmate"]

1. e4 e6 2. d4 d5 3. Nc3 Nc6 4.
e5 Nb8 5. Nf3 c5 6. Be2 Nc6 7.
O-O cxd4 8. Nxd4 Nxe5 9. Re1 Bd6 10. Bb5+ Bd7 11. Bf4 f6 12. Bxd7+ Qxd7 13. Bxe5 fxe5 14. Nf3 e4 15. Ng5 Nf6 16. f3 h6 17. Nh3 exf3 18. Nxd5 Bc5+ 19. Ne3 Nd5 20. Qxf3 Nxe3 21. Rxe3 Bxe3+ 22. Qxe3 O-O 23. Nf4 Rae8 24. Nd3 e5 25. Re1 e4 26. Nf4 Qf5 27. g3 Qg4 28. Rf1 Rf6 29. Qb3+ Kh8 30. Qb5 Ref8 31. Qxb7 Rxf4 32. Rxf4 Rxf4 33.
Qb8+ Kh7 34. Qxf4 Qd1+ 35. Kg2 Qxc2+ 36. Qf2 Qc6 37. Qe2 e3+ 38. Kf1 Qe4 39. Kg1 Qd4 40.
Kg2 Qe4+ 41. Kg1 Kh8 42. h4 Kh7 43. a3 Kh8 44. h5 Kh7 45. g4 g6 46. hxg6+ Kxg6 47.
Kh2 Qf4+ 48. Kh3 Kg5 49. Qb5+ Kg6 50. Qa6+ Kg5 51. Qa5+ Kf6 52. Qa6+ Ke5 53. Qxa7 e2 54.
Qe7+ Kd4 55. Qxe2 Qf6 56. Qd2+ Ke4 57. Qc3 Qf1+ 58. Kg3 Qg1+ 59. Kh4 Qf2+ 60. Qg3 Qf6+ 61. Kh3 Qxb2 62. Qg2+ Qxg2+ 63. Kxg2 Kf4 64. Kh3 Ke4 65. Kh4 Kd4 66. Kh5 Kc3 67. Kxh6 Kb3 68. g5 Kxa3 69.
g6 Kb4 70. g7 Kc5 71. g8=Q Kd6 72. Qg5 Ke6 73. Kg6 Kd7 74. Qf6 Ke8 75. Qg7 Kd8 76. Kf6 Kc8 77. Ke6 Kb8 78. Kd6 Ka8 79. Kc6 Kb8 80.
Qb7# 1-0

[Event "*** MasterClass Titled Tuesday Blitz"]
[Site "Chess.com"]
[Date "2017.12.05"]
[Round "7"]
[White "TijanaBlagojevic"]
[Black "TheMagician"]
[Result "1-0"]
[WhiteElo "2326"]
[BlackElo "2175"]
[TimeControl "180+2"]
[EndTime "15:45:03 PST"]
[Termination "TijanaBlagojevic won by resignation"]

1. e4 c6 2. d4 d5 3. e5 Bf5 4. Nf3 e6 5. Be2 h6 6. O-O a6 7.
Nbd2 c5 8. c4 dxc4 9. Nxc4 Nc6 10. Be3 cxd4 11. Nxd4 Nxd4 12. Bxd4 Be4 13. Nb6 Rb8 14.
Bxa6 Ne7 15. Bb5+ Bc6 16. a4 Bxb5 17. axb5 Nf5 18. Be3 Qxd1 19. Rfxd1 Nxe3 20. fxe3 Bc5 21. Nc4 O-O 22. Rd7 Rfc8 23. b3 Rd8 24. Rad1 Rxd7 25. Rxd7 b6 26. Kf2 Ra8 27. Nd6 Ra2+ 28. Kf3 Rb2 29.
Nxf7 Rxb3 30. Nd8 Rxe3+ 31. Kf4 Re2 32. g3 Rxh2 33. Nxe6 Rf2+ 34. Kg4 Be3 35. Rxg7+ Kh8 36. Rb7 Rb2 37. Nc7 Bd4 38. e6 Re2 39. Kf5 Be5 40. Nd5 Bd6 41. e7 Bxe7 42. Nxe7 Rg2 43. Ng6+ Kg8 44. g4 Rf2+ 45. Nf4 Rg2 46. Rxb6 Rg3 47.
Rxh6 Kf7 48. Rf6+ Ke7 49. Re6+ Kd7 50. Re5 Kc7 51. g5 Kb6 52. g6 Ka5 53. Kf6 Rg4 54. Rf5 Rg3 55. g7 Rg2 56. Kf7 Rg1 57. g8=Q Rxg8 58.
Kxg8 Kb6 59. Kf7 Kc7 60. Ke6 Kb6 61. Rd5 Kb7 62. Kd6 Kb6 63. Ne6 Kb7 64. Kc5 Kc8 65.
Kc6 1-0

[Event "*** MasterClass Titled Tuesday Blitz"]
[Site "Chess.com"]
[Date "2017.12.05"]
[Round "7"]
[White "abubakrtagelsir"]
[Black "Colombiano07"]
[Result "0-1"]
[WhiteElo "2275"]
[BlackElo "2198"]
[TimeControl "180+2"]
[EndTime "15:45:06 PST"]
[Termination "Colombiano07 won by resignation"]

1. e4 e6 2. d4 d5 3. Nc3 Bb4 4. e5 c5 5. a3 Bxc3+ 6. bxc3 Ne7 7. Qg4 Qc7 8. Qxg7 Rg8 9. Qxh7 cxd4 10. Ne2 Nbc6 11.
f4 dxc3 12. Qd3 d4 13. h4 Bd7 14. h5 O-O-O 15. h6 Nf5 16. h7 Rh8 17. g4 Nfe7 18. Bg2 Be8 19. a4 Nb4 20. Qd1 d3 21. cxd3 Nxd3+ 22. Kf1 Nxf4 23. Qb3 Nxg2 24. Kxg2 Bc6+ 25. Kg1 Bxh1 26.
Kxh1 Rxh7+ 27. Kg1 Qxe5 28. Qc4+ Nc6 29. Bf4 Qd5 30. Qxd5 Rxd5 31. Rc1 Rg7 32. g5 f6 33. Rxc3 fxg5 34. Be3 Kd7 35. Kg2 b6 36. Kg3 Ne5 37. Nd4 Rf7 38. Bg1 Rc5 39. Ra3 Rc4 40. Nb5 a6 41.
Nd4 Nc6 42. Nf3 g4 43. Nd2 Rc2 44. Ne4 Rf3+ 45. Rxf3 gxf3 46. Bxb6 Ne5 47. Bd4 Rg2+ 48. Kh3 Ng6 49. Be3 e5 50. Ng5 Nf4+ 51. Bxf4 exf4 52. Nxf3 Rg3+ 0-1

[Event "*** MasterClass Titled Tuesday Blitz"]
[Site "Chess.com"]
[Date "2017.12.05"]
[Round "7"]
[White "northridgehawk"]
[Black "RookSacrifice_OLD"]
[Result "0-1"]
[WhiteElo "1958"]
[BlackElo "1853"]
[TimeControl "180+2"]
[EndTime "15:45:12 PST"]
[Termination "RookSacrifice_OLD won by resignation"]

1. e4 c6 2. d4 d5 3. exd5 cxd5 4. Bd3 Nc6 5. c3 Qc7 6. f4 Nh6 7. h3 Bf5 8. Nf3 e6 9. O-O Bd6 10. Ne5 O-O 11. Na3 a6 12. Nc2 Bxd3 13. Nxd3 Nf5 14.
Qe1 Be7 15. Ne3 Nd6 16. Nf2 f5 17. Nd3 Ne4 18. Ne5 b5 19. a4 Nxe5 20. fxe5 b4 21. Bd2 bxc3 22. Bxc3 Qd8 23. Bb4 Bh4 24. Qd1 Rf7 25.
Qh5 Rb8 26. Ba3 Bg5 27. Qe2 Ng3 28. Qd3 Nxf1 29. Rxf1 Be7 30. Bxe7 Qxe7 31. Nd1 Qb7 32. Rf3 Rc7 33. Qf1 Rc1 34. Kh2 Qb4 35. Rd3 Qxa4 36.
Qf3 Rbc8 37. Nc3 Qd7 38. Qf4 Ra1 39. Rg3 Ra5 40. Qg5 Kh8 41. Ne2 Rb5 42. Nf4 Rxb2 43. Qh5 Qe8 44. Qh4 Rcc2 45. Qg5 Qf8 46. Nxe6 Qg8 47.
Nxg7 Rxg2+ 48. Rxg2 Rxg2+ 49. Kxg2 Qxg7 50. Qxg7+ Kxg7 51. Kf3 Kf7 52. Ke3 Ke6 53. h4 h5 54. Kf4 a5 55.
Ke3 a4 56. Kd3 f4 57. Ke2 a3 58. Kf3 a2 59. Kxf4 a1=Q 60. Kg5 Qf1 61. Kxh5 Qf5+ 62.
Kh6 Qe4 63. h5 Qxd4 64. Kg7 Qe3 65. h6 Qxe5+ 66. Kg6 d4 67. h7 Qh8 68. Kg5 d3 69.
Kf4 d2 70. Ke3 d1=Q 71. Kf2 Qxh7 72. Kg3 Qhd3+ 73. Kh4 0-1

[Event "*** MasterClass Titled Tuesday Blitz"]
[Site "Chess.com"]
[Date "2017.12.05"]
[Round "7"]
[White "MFBerna"]
[Black "Rodalquilar"]
[Result "0-1"]
[WhiteElo "2294"]
[BlackElo "2485"]
[TimeControl "180+2"]
[EndTime "15:45:17 PST"]
[Termination "Rodalquilar won by resignation"]

1. e4 Nf6 2. e5 Nd5 3. c4 Nb6 4. c5 Nd5 5. d4 e6 6. Bc4 b6 7. cxb6 axb6 8. Nf3 Bb7 9. O-O d6 10.
Nc3 Nxc3 11. bxc3 Nd7 12. Re1 dxe5 13. Nxe5 Nxe5 14. Rxe5 Bd6 15. Bg5 Qd7 16. Re1 Qc6 17. Bf1 Qxc3 18. d5 e5 19. Bb5+ Kf8 20. a4 Qc5 21.
Qg4 h5 22. Qh3 Qxd5 23. Rad1 Qe6 24. Qxe6 fxe6 25. Be3 Ke7 26. Bg5+ Kf7 27. Be3 Rad8 28. Bg5 Be7 29. Bc1 Bb4 30. Rf1 Rd4 31. Be3 Rxd1 32. Rxd1 Bc8 33. Rc1 Bd6 34. Rd1 Be7 35. Rc1 Rd8 36. Kf1 c5 37. Bc4 Bd7 38. Rb1 Rb8 39. Bb5 Ke8 40. Ke2 Bxb5+ 41. Rxb5 Kd7 42. a5 Kc6 43.
Rxb6+ Rxb6 44. axb6 Kxb6 45. Kd3 Kb5 46. Ke4 Bd6 47.
Bd2 Kc4 48. f3 Kb3 49. Kd3 c4+ 50. Ke4 c3 51. Be3 c2 52. Kd3 Kb2 0-1

[Event "*** MasterClass Titled Tuesday Blitz"]
[Site "Chess.com"]
[Date "2017.12.05"]
[Round "7"]
[White "oliver98"]
[Black "Mistheoretical"]
[Result "0-1"]
[WhiteElo "2275"]
[BlackElo "2270"]
[TimeControl "180+2"]
[EndTime "15:45:22 PST"]
[Termination "Mistheoretical won on time"]

1. d4 Nf6 2. c4 Nc6 3. Nc3 e5 4. d5 Ne7 5. e4 Ng6 6. Be3 Bb4 7. Bd3 Bxc3+ 8. bxc3 d6 9. c5 O-O 10.
Ne2 Ng4 11. Qd2 h6 12. c4 b6 13. cxd6 Nxe3 14. Qxe3 cxd6 15. O-O Qg5 16. Qxg5 hxg5 17.
g3 Ba6 18. a4 Rac8 19. Rfc1 Rc5 20. Nc3 Rfc8 21. Nb5 Bxb5 22. axb5 R8c7 23. Rc2 Re7 24.
Rca2 Rcc7 25. Be2 Nf8 26. Ra4 Nh7 27. Kg2 Nf6 28. Bd3 Kf8 29. Kf3 Ke8 30. Ke3 Kd8 31. f3 Kc8 32. Ra6 Kb8 33. Rc1 Re8 34. c5 dxc5 35.
Bc4 Rd8 36. f4 gxf4+ 37. gxf4 Nd7 38. Rg1 g6 39. d6 exf4+ 40. Kxf4 Rb7 41. Bd5 Nf8 42.
Bxb7 Kxb7 43. e5 Nd7 44. Ke4 Re8 0-1

[Event "*** MasterClass Titled Tuesday Blitz"]
[Site "Chess.com"]
[Date "2017.12.05"]
[Round "7"]
[White "AbdAlAgathos"]
[Black "QuintilianoR"]
[Result "1-0"]
[WhiteElo "2315"]
[BlackElo "2492"]
[TimeControl "180+2"]
[EndTime "15:45:27 PST"]
[Termination "AbdAlAgathos won by resignation"]

1. e4 c5 2. Nf3 d6 3. c3 Nf6 4. Be2 Nc6 5. d4 cxd4 6. cxd4 Nxe4 7. d5 Qa5+ 8. Nc3 Nxc3 9. bxc3 Ne5 10. Nxe5 Qxc3+ 11.
Bd2 Qxe5 12. O-O g6 13. Rc1 Bg7 14. Bb5+ Kf8 15. Re1 Qxd5 16. Rc7 Qxb5 17. Rexe7 Be6 18.
Qf3 Qb1+ 19. Bc1 Qxc1+ 20. Rxc1 Kxe7 21. Qxb7+ Kf6 22. Qb2+ Kf5 23. Qxg7 Rac8 24. Rxc8 Rxc8 25. h3 h5 26. Qd4 a5 27. h4 Bxa2 28. Qxd6 Be6 29.
Qd4 Rc4 30. Qd3+ Kf6 31. Qd8+ Kg7 32. Qxa5 Rxh4 33. Qe5+ Kh7 34. Qf6 Rc4 35. f3 Rc1+ 36.
Kf2 Rc5 37. Kg3 Rf5 38. Qe7 Kg7 39. Kh4 Rf4+ 40. Kg3 Rf5 41. Qe8 Rf6 42. Qe7 Rf5 43. Qd8 g5 44. Qe7 h4+ 45. Kf2 Kg6 46. Ke3 Re5+ 47.
Kd4 Rd5+ 48. Ke4 Rd7 49. Qf8 Kh7 50. Qc5 Rd5 51. Qe7 Kg6 52. Qf8 Rb5 53. Qg8+ Kh6 54. Qh8+ Kg6 55. Qg8+ Kh6 56. Qh8+ Kg6 57. Qg8+ Kf6 58.
Qd8+ Kg7 59. Qe7 Rb4+ 60. Qxb4 1-0

[Event "*** MasterClass Titled Tuesday Blitz"]
[Site "Chess.com"]
[Date "2017.12.05"]
[Round "7"]
[White "FMJoseHerrera"]
[Black "jcibarra"]
[Result "0-1"]
[WhiteElo "2448"]
[BlackElo "2673"]
[TimeControl "180+2"]
[EndTime "15:45:44 PST"]
[Termination "jcibarra won by resignation"]

1. Nf3 Nf6 2. g3 g6 3. h4 Bg7 4. d3 O-O 5. Nc3 d5 6. Bg5 d4 7.
Nb1 h6 8. Bf4 Nd5 9. Bc1 c5 10.
Bg2 Nc6 11. O-O f5 12. c3 Kh7 13. Qb3 Nc7 14. cxd4 cxd4 15. Na3 Be6 16. Qxb7 Bd5 17.
Nb5 Ne6 18. Qa6 Rb8 19. Nxa7 Nb4 20. Qa4 Nc5 21. Qd1 Rb7 22. Bd2 Nxa2 23. b4 Ne6 24. Rxa2 Bxa2 25. Ng5+ hxg5 26. Bxb7 Qc7 27. Qa4 Qxb7 28.
Qxa2 Nc7 29. b5 Ra8 30. Ra1 gxh4 31. b6 Qxb6 32. Qa5 Qxa5 33. Rxa5 hxg3 34. fxg3 Bf6 35. Nc6 Rc8 36. Ne5 Kg7 37. Nf3 Ne6 38. Kf2 Kf7 39.
Ra7 g5 40. Ra6 Rc2 41. Be1 g4 42. Nh4 Bxh4 43. gxh4 Nf4 44. h5 Nxh5 45. Ra5 e6 46. Re5 Nf4 47. Kg3 Nxe2+ 48. Kh4 Kf6 49. Ra5 Nf4 50. Bg3 Nxd3 51. Ra8 Rc1 52. Rf8+ Kg6 53. Rg8+ Kf7 54. Rd8 Nc5 55. Rxd4 Ne4 56. Rxe4 fxe4 57.
Kxg4 Rf1 58. Bf4 e5 59. Be3 Ke6 60. Kg3 Rf3+ 61. Kg2 Rxe3 0-1

[Event "*** MasterClass Titled Tuesday Blitz"]
[Site "Chess.com"]
[Date "2017.12.05"]
[Round "7"]
[White "kleinebeer98"]
[Black "Msb2"]
[Result "1/2-1/2"]
[WhiteElo "2493"]
[BlackElo "2702"]
[TimeControl "180+2"]
[EndTime "15:45:48 PST"]
[Termination "Game drawn - insufficient material"]

1. e4 e6 2. d4 d5 3. Nd2 c5 4. exd5 Qxd5 5. Ngf3 cxd4 6. Bc4 Qd7 7. O-O Nc6 8. Nb3 a6 9. Nbxd4 Nxd4 10. Nxd4 Qc7 11.
b3 Bd6 12. h3 Ne7 13. Bb2 O-O 14. Qf3 b5 15. Bd3 Bb7 16. Qh5 Ng6 17. Bxg6 hxg6 18. Qe2 e5 19. Nf3 Bxf3 20. Qxf3 Qxc2 21. Bc3 Rac8 22.
Ba5 Ba3 23. Rfe1 Bb2 24. Rad1 Bd4 25. Rd2 Qc6 26. Qg4 f5 27. Qg5 Qf6 28. Qg3 Rc6 29.
Kh1 g5 30. Bb4 Rfc8 31. Qf3 e4 32. Qh5 Rc1 33. Rxc1 Rxc1+ 34. Kh2 Qe5+ 35. g3 Rc8 36. Qxg5 e3 37. fxe3 Bxe3 38. Rd8+ Rxd8 39. Qxd8+ Kh7 40.
Qd3 Kh6 41. Bc3 Qe6 42. a4 bxa4 43. bxa4 Qa2+ 44. Kh1 Qe6 45. Kg2 Qc6+ 46. Kh2 Qf3 47.
Qxa6+ Kh7 48. Be1 Qd1 49. Qf1 g6 50. Kg2 Qxa4 51. Qd3 Qa2+ 52. Kf3 Bg5 53. h4 Qa8+ 54. Kf2 Bf6 55. h5 Qa2+ 56. Kf1 Qe6 57. hxg6+ Kxg6 58. g4 Qe4 59. gxf5+ Qxf5+ 60. Qxf5+ Kxf5 1/2-1/2

[Event "*** MasterClass Titled Tuesday Blitz"]
[Site "Chess.com"]
[Date "2017.12.05"]
[Round "7"]
[White "StellarChessPro"]
[Black "Sam_ChessMood"]
[Result "1/2-1/2"]
[WhiteElo "2345"]
[BlackElo "2620"]
[TimeControl "180+2"]
[EndTime "15:45:51 PST"]
[Termination "Game drawn - insufficient material"]

1. d4 d5 2. c4 c6 3. cxd5 cxd5 4. Nf3 Nf6 5. Nc3 Nc6 6. Bf4 Bf5 7. a3 e6 8. e3 Be7 9. Be2 O-O 10. O-O Rc8 11.
Rc1 Nd7 12. Bd3 Bxd3 13. Qxd3 a6 14. h3 h6 15. Rc2 Nb6 16. Nd2 Qd7 17. Rfc1 Na5 18.
Ne2 Rxc2 19. Rxc2 Rc8 20. Rxc8+ Qxc8 21. e4 Nac4 22. exd5 Nxd2 23. Bxd2 Nxd5 24. Nc3 Qc6 25. Qf3 Bf6 26. Nxd5 Qxd5 27. Qxd5 exd5 28. Bc3 Kf8 29. Kf1 Ke7 30. Ke2 Ke6 31. Kf3 Bd8 32. g4 f5 33. Kg3 Bc7+ 34. Kg2 Bf4 35. f3 Be3 36. Kf1 Kf6 37. Ke2 Bg1 38. Kf1 Be3 39. Ke2 Bc1 40. a4 Kg5 41. Kf2 Kf4 42. b3 Be3+ 43. Kg2 b5 44.
axb5 axb5 45. Bb2 Bd2 46. Kf2 b4 47. Ke2 Be3 48. gxf5 h5 49. h4 Bg1 50. Bc1+ Kxf5 51. Bd2 Bxd4 52. Bxb4 Bf6 53. Be1 Kf4 54. b4 Bd8 55. b5 g5 56. hxg5 Kxg5 57. Kd3 Kf4 58. Kd4 Kxf3 59. Kxd5 Ke2 60. Bg3 Kf3 61. Bd6 h4 62.
Kc6 h3 63. b6 Bxb6 64. Kxb6 Kg2 65. Kc6 h2 66. Bxh2 1/2-1/2

[Event "*** MasterClass Titled Tuesday Blitz"]
[Site "Chess.com"]
[Date "2017.12.05"]
[Round "7"]
[White "Bryakin_Mikhail"]
[Black "Marcin"]
[Result "1/2-1/2"]
[WhiteElo "2541"]
[BlackElo "2227"]
[TimeControl "180+2"]
[EndTime "15:45:57 PST"]
[Termination "Game drawn by agreement"]

1. d4 Nf6 2. c4 c5 3. Nf3 cxd4 4. Nxd4 e6 5. g3 Nc6 6. Bg2 Be7 7. O-O O-O 8. Nc3 a6 9. b3 Qc7 10. Bb2 d6 11. Rc1 Bd7 12. Re1 Qb8 13. e4 Qa7 14.
Nce2 Rac8 15. Nxc6 Bxc6 16. Nd4 Rfd8 17. Nxc6 Rxc6 18.
Qe2 Rcc8 19. e5 dxe5 20. Bxe5 Rd7 21. Red1 Rcd8 22. Rxd7 Rxd7 23. Rd1 b5 24. Rxd7 Qxd7 25. Bf1 b4 26. Qd3 Qxd3 27. Bxd3 Bc5 28. h3 Kf8 29. Kg2 Ke7 30. f4 g6 31. Kf3 Nd7 32.
Bb2 a5 33. Be4 Kd6 34. g4 Bg1 35. h4 Nc5 36. Bc2 Nd7 37. h5 Kc5 38. h6 Bd4 39.
Bc1 Bf6 40. Be3+ Bd4 41. Bd2 Bf6 42. Ke4 Bd4 43. f5 e5 44. Bg5 f6 45. fxg6 fxg5 46. g7 Nf6+ 47. Kf5 Ng8 48. Be4 Be3 49. Kxe5 Nxh6 50.
Kf6 Bd4+ 51. Kxg5 Bxg7 52. Bxh7 Bf8 53. Kf4 Be7 54. Bg6 Ng8 55. g5 Kd6 56. Bf7 Nf6 57.
gxf6 Bxf6 58. Ke4 Kc5 59. Kf5 Bc3 60. Ke6 Bd4 61. Kd7 Kb6 62. Kd6 Bc5+ 63. Kd5 Bg1 64. Be8 Bc5 65. Ba4 Bg1 66. Ke6 Bc5 67. Kd7 Bd4 68.
Kc8 Bc5 69. Kb8 Bd4 70. Ka8 Bc5 1/2-1/2

[Event "*** MasterClass Titled Tuesday Blitz"]
[Site "Chess.com"]
[Date "2017.12.05"]
[Round "7"]
[White "dawtonlms"]
[Black "wanyaland"]
[Result "1-0"]
[WhiteElo "2245"]
[BlackElo "2232"]
[TimeControl "180+2"]
[EndTime "15:46:00 PST"]
[Termination "dawtonlms won by resignation"]

1. e4 c5 2. Nf3 d6 3. Bb5+ Bd7 4.
Bxd7+ Qxd7 5. c4 g6 6. d4 cxd4 7. Nxd4 Bg7 8. Nc3 Nc6 9. Nde2 Nf6 10. O-O Rc8 11. f3 O-O 12. Be3 b6 13. Qd2 Rfe8 14.
Rfd1 Qb7 15. Rab1 Nd7 16. b3 Nc5 17. h4 a5 18. h5 Nb4 19. hxg6 hxg6 20. Nf4 Be5 21.
Bd4 Bxf4 22. Qxf4 e5 23. Qh6 exd4 24. Nb5 d3 25. Kf2 Nxa2 26. Rh1 f6 27. Qh8+ Kf7 28. Qh7+ Ke6 29. Qxg6 Rh8 30. Qg4+ Ke7 31. Rxh8 Rxh8 32.
Qg7+ Ke6 33. Qxh8 Qf7 34. Rh1 d2 35. Ke2 Nxb3 36. Rh7 Qg6 37. Qc8+ Ke5 38. Re7+ Kf4 39. Qg4+ Qxg4 40. fxg4 Nac1+ 41. Kd1 Nd3 42. Kc2 Ndc5 43.
Rg7 a4 44. g5 fxg5 45. g3+ Kxg3 46. Rxg5+ Kf4 47. Rg8 Kxe4 48. Rg4+ Ke5 49. Nc3 a3 50. Rg5+ Kd4 51. Rg4+ Ke5 52. Rh4 a2 53. Nxa2 Ne4 54. Rh5+ Kd4 55. Rh4 Na1+ 56. Kd1 Kd3 57. Nb4+ Kxc4 58.
Rxe4+ Kb3 59. Kxd2 b5 60. Nd5 1-0

[Event "*** MasterClass Titled Tuesday Blitz"]
[Site "Chess.com"]
[Date "2017.12.05"]
[Round "7"]
[White "Indianlad"]
[Black "Khamrakulov_Djurabek"]
[Result "0-1"]
[WhiteElo "2598"]
[BlackElo "2686"]
[TimeControl "180+2"]
[EndTime "15:46:05 PST"]
[Termination "Khamrakulov_Djurabek won by checkmate"]

1. Nf3 d5 2. d4 c5 3. c4 dxc4 4.
e3 e6 5. Bxc4 Nf6 6. O-O a6 7.
Bb3 Nc6 8. Nc3 cxd4 9. exd4 Be7 10. Bg5 O-O 11. Re1 b5 12. Bxf6 Bxf6 13. d5 exd5 14. Bxd5 Bxc3 15. bxc3 Bb7 16. c4 Qf6 17. Rb1 Rad8 18.
Qc2 h6 19. h3 Nd4 20. Nxd4 Bxd5 21. cxd5 Qxd4 22. Rbd1 Qb6 23. Re7 Rd6 24. Qc7 Qxc7 25.
Rxc7 Rfd8 26. Rc5 g5 27. f4 gxf4 28. Kf2 Kg7 29. Kf3 Rg6 30. Rd4 Rg5 31. Kxf4 Rxg2 32. d6 Rg6 33. d7 Kf8 34. Re5 Re6 35. Rxe6 fxe6 36. Ke5 Ke7 37. Rd6 a5 38. Rxe6+ Kxd7 39. Rxh6 Kc7 40. a4 b4 41. Rh7+ Kc6 42. Rh6+ Kc5 43.
Ra6 Re8+ 44. Kf4 Rb8 45. Rxa5+ Kc4 46. Re5 b3 47. Re1 b2 48. Rb1 Kb3 49. h4 Kc2 50. Rxb2+ Rxb2 51. h5 Kd3 52. Kf5 Kd4 53. h6 Rh2 54.
Kg6 Ke5 55. a5 Ke6 56. a6 Rg2+ 57. Kh7 Kf6 58. Kh8 Ra2 59. h7 Rxa6 60. Kg8 Ra8# 0-1

[Event "*** MasterClass Titled Tuesday Blitz"]
[Site "Chess.com"]
[Date "2017.12.05"]
[Round "7"]
[White "Jumbo"]
[Black "Rsnr"]
[Result "0-1"]
[WhiteElo "2476"]
[BlackElo "2635"]
[TimeControl "180+2"]
[EndTime "15:46:17 PST"]
[Termination "Rsnr won on time"]

1. d4 d5 2. c4 c6 3. Nc3 Nf6 4. e3 Bf5 5. cxd5 cxd5 6. Qb3 Nc6 7. Qxb7 Bd7 8. Qb3 Rb8 9. Qd1 e5 10. dxe5 Nxe5 11. Nf3 Bd6 12. Be2 O-O 13. O-O Qe7 14. g3 Rfc8 15. Nd4 Bb4 16. Bd2 Nc4 17. Bxc4 dxc4 18. Re1 Bc5 19. Rb1 Ng4 20. Nd5 Qd6 21. Nf4 g5 22. Ng2 Ne5 23. Bc3 Bg4 24.
f3 Nxf3+ 25. Nxf3 Qxd1 26. Rbxd1 Bxf3 27. Rd7 Bc6 28. Rd2 h6 29. Kf2 f5 30. Red1 Re8 31.
Bd4 Bb4 32. Re2 Be4 33. Ne1 Red8 34. a3 Bc5 35. Red2 Bxd4 36. exd4 Kf7 37. Rc1 Rdc8 38. d5 Ke7 39. Ng2 Rb3 40. Ne3 c3 41. bxc3 Rcxc3 42. d6+ Kd7 43. Rxc3 Rxc3 44. Nd5 Rf3+ 45. Ke2 Kxd6 46.
Ne3+ Ke6 47. Rd4 h5 48. Ra4 g4 49. Ra6+ Ke5 50. Ra5+ Kf6 51. Ra6+ Kg5 52. Rxa7 h4 53.
gxh4+ Kf4 54. Ng2+ Ke5 55. Ra5+ Kd4 56. Ra4+ Ke5 57. Ra5+ Kd4 58. Ra4+ Kc3 59. Rxe4 fxe4 60. Ne3 Rh3 61. Nxg4 Rxh4 62. Nf2 Kd4 63. h3 e3 0-1

[Event "*** MasterClass Titled Tuesday Blitz"]
[Site "Chess.com"]
[Date "2017.12.05"]
[Round "7"]
[White "ENEASZ"]
[Black "chessking2151"]
[Result "0-1"]
[WhiteElo "2403"]
[BlackElo "2355"]
[TimeControl "180+2"]
[EndTime "15:46:29 PST"]
[Termination "chessking2151 won by resignation"]

1. e4 e5 2. Nf3 Nc6 3. Bc4 a6 4. c3 Nf6 5. Qe2 b5 6. Bb3 Be7 7. d4 d6 8. O-O O-O 9. dxe5 Nxe5 10. Nxe5 dxe5 11. Rd1 Qe8 12. Bg5 h6 13. Bh4 Bb7 14. f3 Rd8 15. Nd2 c5 16. Nf1 c4 17. Bc2 Nh5 18.
Rxd8 Bxd8 19. Bxd8 Qxd8 20. Rd1 Nf4 21. Qe3 Qc7 22. g3 Ne6 23. Kf2 Bc6 24. h4 a5 25.
Qd2 Rd8 26. Qe3 Rb8 27. Qd2 Rd8 28. Qe3 Ra8 29. Qd2 Rb8 30. Ne3 Rd8 31. Qe2 Qb6 32. Rxd8+ Qxd8 33. Nf5 Kh7 34. Qd1 Qb6+ 35. Kg2 g6 36.
Ne7 Qc7 37. Nd5 Qd8 38. h5 Kg7 39. hxg6 fxg6 40. Ne3 Qe7 41. Qd2 h5 42. a4 h4 43.
axb5 Bxb5 44. Qd5 Nc7 45. Qb7 Kf8 46. Ng4 hxg3 47. Qc8+ Kg7 48. Qb7 Kf8 49. Qc8+ Be8 50. Kxg3 Kg7 51. Qb7 Bf7 52. Qa7 Qd6 53. Qxa5 Qd2 54.
Qxe5+ Kg8 55. Qf4 Qxc2 56. Nh6+ Kg7 57. Nxf7 Ne6 58. Qd6 Kxf7 59. Qd7+ Kf6 60. Qe8 Qc1 61. Qh8+ Ke7 62. Qh7+ Kd6 63. Qh2 Qf4+ 64. Kh3 Qxh2+ 65. Kxh2 Ke5 66. Kg3 g5 67. Kg4 Kf6 68. Kg3 Nf4 69. Kg4 Nd3 70. Kg3 Nxb2 71. f4 gxf4+ 72. Kxf4 Nd3+ 73.
Ke3 Ke5 0-1

[Event "*** MasterClass Titled Tuesday Blitz"]
[Site "Chess.com"]
[Date "2017.12.05"]
[Round "7"]
[White "Alexander_Moskalenko"]
[Black "mikhaillushenkov"]
[Result "1/2-1/2"]
[WhiteElo "2743"]
[BlackElo "2598"]
[TimeControl "180+2"]
[EndTime "15:46:41 PST"]
[Termination "Game drawn - insufficient material"]

1. d4 Nf6 2. c4 e6 3. g3 Bb4+ 4. Nd2 d5 5. Nf3 O-O 6. Bg2 b6 7. cxd5 exd5 8. O-O Re8 9. a3 Bd6 10. b3 Ba6 11. Re1 Nbd7 12. Bb2 Qe7 13. e3 Ne4 14.
Qc2 Bb7 15. Rec1 Nxf2 16. Nf1 Ne4 17. Re1 Rac8 18. N3d2 Ndf6 19. b4 Ba6 20. Nxe4 dxe4 21. Qa4 Bd3 22. Rac1 a6 23. Qc6 h5 24. d5 Ng4 25.
Qc3 Qg5 26. Qd2 h4 27. Bh3 Rcd8 28. gxh4 Qxh4 29. Bxg4 Qxg4+ 30. Qg2 Qxg2+ 31. Kxg2 f6 32. Ng3 b5 33. Nf5 Bc4 34. Rg1 Be5 35. Bxe5 Rxe5 36.
Nd4 Rdxd5 37. a4 Kf7 38. axb5 axb5 39. h4 g5 40. Rh1 gxh4 41. Rxh4 Rg5+ 42. Kf2 Rh5 43.
Rxh5 Rxh5 44. Kg3 c5 45. bxc5 Rxc5 46. Kf4 Re5 47. Rb1 Bd3 48. Rb2 Ke8 49. Ra2 Rc5 50. Ra7 Re5 51. Rb7 Kd8 52. Rf7 Kc8 53. Rxf6 Rc5 54.
Rh6 Kb7 55. Rh7+ Kb6 56. Rh6+ Ka5 57. Nb3+ Kb4 58. Nxc5 Kxc5 59. Rh7 b4 60. Rb7 Kc4 61. Rc7+ Kb3 62. Ke5 Kb2 63. Kd4 b3 64. Rb7 Bc2 65. Rb6 Bd3 66. Rb8 Kc2 67. Rc8+ Kd2 68. Rb8 Bc2 69.
Rb7 Ke2 70. Rb8 Kd2 71. Rb4 Ke2 72. Rb6 Kd2 73. Rb5 Ke2 74. Rxb3 Bxb3 75. Kxe4 Bc2+ 76.
Kd4 Bb1 77. e4 Bxe4 1/2-1/2